 Dungeon Crawl Stone Soup version 0.26-a0-597-gb535b0901c (webtiles) character file.

Game seed: 12597930054077094170

2515 Lanoc the Destroyer (level 9, -11/39 HPs)
             Began as a Vine Stalker Conjurer on Sept 14, 2020.
             Was a Believer of Dithmenos.
             Mangled by Harold
             ... wielding a +0 glaive
              (23 damage)
             ... on level 7 of the Dungeon.
             The game lasted 00:09:49 (4941 turns).

Lanoc the Destroyer (Vine Stalker Conjurer)         Turns: 4941, Time: 00:09:50

Health: -11/39     AC:  2    Str: 10    XL:     9   Next: 54%
Magic:  0/13       EV: 15    Int: 21    God:    Dithmenos [**....]
Gold:   203        SH:  0    Dex: 13    Spells: 9/12 levels left

rFire    . . .     SeeInvis +   (no weapon)
rCold    + . .     Faith    .   (no shield)
rNeg     . . .     Spirit   +   a - +0 robe
rPois    .         Reflect  .   (no helmet)
rElec    .         Harm     .   (no cloak)
rCorr    .                      (no gloves)
MR       ++...                  (no boots)
Stlth    ++........             (no amulet)
HPRegen  0.53/turn              o - ring of protection from magic
MPRegen  0.13/turn              x - ring of the Thistle {rC+ SInv}

@: mighty, wreathed by umbra
A: fangs 3, regeneration 1, magic shield, antimagic bite, no potion heal 3, rot
immunity
a: Shadow Step, Renounce Religion


You were on level 7 of the Dungeon.
You worshipped Dithmenos.
Dithmenos was pleased with you.
You visited 1 branch of the dungeon, and saw 7 of its levels.

You collected 203 gold pieces.

Inventory:

Missiles
 f - 3 atropa-tipped darts (quivered)
 y - 4 curare-tipped darts
Armour
 a - a +0 robe (worn)
Jewellery
 i - an uncursed ring of resist corrosion
 o - a ring of protection from magic (left hand)
 x - the ring of the Thistle (right hand) {rC+ SInv}
   (You found it on level 7 of the Dungeon)

   [ring of see invisible]

   It protects you from cold.
   It lets you see invisible.
Wands
 p - a wand of acid (13)
 q - a wand of flame (11)
 s - a wand of random effects (20)
 v - a wand of polymorph (3)
Scrolls
 c - 3 scrolls of fear
 d - 5 scrolls of identify {unknown}
 e - 3 scrolls of enchant weapon {unknown}
 j - 4 scrolls of remove curse {unknown}
 l - a scroll of amnesia {unknown}
 m - a scroll of fog {unknown}
 n - a scroll of teleportation {unknown}
 u - a scroll of silence {unknown}
 z - a scroll of enchant armour {unknown}
Potions
 b - 3 potions of curing
 h - 2 potions of resistance
 k - a potion of mutation {unknown}
 r - a potion of haste {unknown}
 t - 2 potions of magic {unknown}
 w - a potion of stabbing {unknown}


   Skills:
 + Level 6.2 Dodging
 - Level 2.4 Stealth
 - Level 2.1 Spellcasting
 * Level 11.0 Conjurations


You had 9 spell levels left.
You knew the following spells:

 Your Spells              Type           Power        Failure   Level
a - Magic Dart            Conj           ####         1%          1
b - Searing Ray           Conj           #####.       1%          2

Your spell library contained the following spells:

 Spells                   Type           Power        Failure   Level
 Dazzling Flash           Conj/Hex       ####..       4%          3
 Summon Small Mammal      Summ           #...         14%         1
 Fulminant Prism          Conj/Hex       ####......   16%         4
 Iskenderun's Mystic Bla  Conj/Tloc      ####....     16%         4
 Call Imp                 Summ           #.......     22%         2
 Call Canine Familiar     Summ           #.......     41%         3
 Summon Guardian Golem    Hex/Summ       #.......     41%         3
 Summon Ice Beast         Ice/Summ       #.......     82%         4
 Summon Lightning Spire   Summ/Air       #.......     82%         4


Dungeon Overview and Level Annotations

Branches:
Dungeon (7/15)             Temple (0/1) D:6

Altars:
Dithmenos
Nemelex Xobeh
Vehumet

Annotations:
D:7 Harold


Innate Abilities, Weirdness & Mutations

You have razor-sharp teeth.
Your natural rate of healing is unusually fast.
When hurt, damage is shared between your health and your magic reserves.
Your bite disrupts and absorbs the magic of your enemies.
Potions cannot restore your health.
You are immune to rotting.


Message History

Harold casts a spell at you.
You barely resist.
It was a potion of might.
You feel very mighty all of a sudden. Harold casts a spell at you.
You barely resist.
You tear a large gash into the net.
Harold fires a harpoon shot at you. The harpoon shot hits you!
* * * LOW HITPOINT WARNING * * *
You are yanked forward by the harpoon shot.
You hit Harold but do no damage. Your bite misses Harold.
Harold is almost dead.
Harold points at you and mumbles some strange words.
You barely resist. You hit Harold.
Harold is almost dead.
Harold hits you with a +0 glaive!!
Ouch! That really hurt!
You die...

############
...........#
.....?.....# #......
...........#### ......
.......@...##.. ....
.......@...##.####.###
...........##.##.....##
...........##)#.......#.
........)..##.#[......#.
...........##...)._.....
...........##.#.......#!
........>.....#....)..#
...(.....#....##.....##
#######.......####.####.


You could see Harold.

Vanquished Creatures
  Pikel (D:7)
  Sigmund (D:5)
  Menkaure (D:4)
  Edmund (D:5)
  A sky beast (D:7)
  A black bear (D:7)
  3 orc warriors
  An ice beast (D:5)
  An ogre (D:6)
  A centaur (D:7)
  2 bullfrogs
  A big kobold (D:7)
  3 scorpions
  A howler monkey (D:5)
  3 bullfrog skeletons
  2 jellies (D:5)
  4 orc wizards
  5 worker ants
  A killer bee zombie (D:6)
  6 adders
  A white imp (D:4)
  An ooze (D:2)
  2 worms
  2 leopard geckos
  23 orcs
  5 giant cockroaches
  5 hobgoblins
  9 jackals
  2 quokkas
  2 bats (D:3)
  2 frilled lizards
  7 goblins
  10 kobolds
  A leopard gecko skeleton (D:4)
  3 rats (D:2)
115 creatures vanquished.

Notes
Turn   | Place    | Note
-------+----------+-------------------------------------------
     0 | D:1      | Lanoc the Vine Stalker Conjurer began the quest for the
                  | Orb.
     0 | D:1      | Reached XP level 1. HP: 9/9 MP: 4/4
    45 | D:2      | Reached XP level 2. HP: 13/13 MP: 0/6
   194 | D:1      | Learned a level 2 spell: Searing Ray
   428 | D:2      | You fall into a shaft and drop 1 floor!
   532 | D:2      | Reached XP level 3. HP: 3/16 MP: 0/7
  1258 | D:3      | Found a shadowy altar of Dithmenos.
  1274 | D:3      | Became a worshipper of Dithmenos the Shadowed
  1515 | D:3      | Reached skill level 5 in Conjurations
  1579 | D:3      | Gained mutation: Your natural rate of healing is unusually
                  | fast. [Vine Stalker growth]
  1579 | D:3      | Reached XP level 4. HP: 21/21 MP: 5/8
  2003 | D:4      | Noticed Menkaure
  2010 | D:4      | Killed Menkaure
  2010 | D:4      | Reached skill level 6 in Conjurations
  2010 | D:4      | Reached XP level 5. HP: 24/24 MP: 0/9
  2096 | D:4      | Reached XP level 6. HP: 28/28 MP: 5/10
  2407 | D:4      | You fall into a shaft and drop 1 floor!
  2407 | D:5      | Entered Level 5 of the Dungeon
  2409 | D:5      | Reached * piety under Dithmenos
  2499 | D:5      | Reached skill level 7 in Conjurations
  2499 | D:5      | Reached XP level 7. HP: 32/32 MP: 7/11
  2744 | D:5      | Noticed Edmund
  2798 | D:5      | Killed Edmund
  3188 | D:5      | Noticed Sigmund
  3189 | D:5      | Found a sparkling altar of Nemelex Xobeh.
  3194 | D:5      | Killed Sigmund
  3194 | D:5      | Reached skill level 8 in Conjurations
  3194 | D:5      | Gained mutation: You have razor-sharp teeth. [Vine Stalker
                  | growth]
  3194 | D:5      | Reached XP level 8. HP: 21/36 MP: 4/12
  3656 | D:6      | Reached skill level 5 in Dodging
  3656 | D:6      | Reached skill level 9 in Conjurations
  3754 | D:6      | Found a staircase to the Ecumenical Temple.
  4355 | D:7      | Noticed Pikel
  4423 | D:7      | Killed Pikel
  4423 | D:7      | Reached skill level 10 in Conjurations
  4423 | D:7      | Reached XP level 9. HP: 16/39 MP: 0/13
  4655 | D:7      | Got a vibrating marble ring
  4657 | D:7      | Identified the ring of the Thistle {rC+ SInv} (You found it
                  | on level 7 of the Dungeon)
  4721 | D:7      | Found a radiant altar of Vehumet.
  4813 | D:7      | Reached ** piety under Dithmenos
  4822 | D:7      | Noticed Harold
  4830 | D:7      | Reached skill level 11 in Conjurations
  4941 | D:7      | Mangled by Harold

Illustrated notes

Levels and vault maps discovered:
D:1:      dpeg_arrival_short_road, layout_loops_ring
D:2:      layout_basic, grunt_ministairs_6, minmay_box_of_dots,
          uniq_crazy_yiuf_cottage
D:3:      layout_rooms, grunt_dithmenos_smoke_and_mirrors
D:4:      kennysheep_goblin_castle, layout_cave_pools, lemuel_doored_altar,
          uniq_duvessa, uniq_ijyb, uniq_menkaure
D:5:      layout_basic, old_standard_altar, uniq_edmund, uniq_sigmund
D:6:      layout_loops_cross, minmay_temple_entry_waves
D:7:      layout_basic, old_standard_altar, uniq_pikel, uniq_harold

Skill      XL: |  1  2  3  4  5  6  7  8  9 |
---------------+----------------------------+-----
Dodging        | 2 3 4 5 6 |  6.2
Conjurations   | 5 6 7 8 10 11 | 11.0
Stealth        | |  2.4
Spellcasting   | |  2.1

Action                   |  1- 3 |  4- 6 |  7- 9 || total
-------------------------+-------+-------+-------++-------
Melee: Unarmed           |    23 |    49 |    47 ||   119
       Bite              |     7 |    11 |    12 ||    30
 Cast: Magic Dart        |    66 |    43 |    25 ||   134
       Searing Ray       |     2 |     9 |    40 ||    51
  Use: Potion            |     1 |       |     1 ||     2
       Scroll            |     1 |       |       ||     1
Armor: Robe              |     2 |     9 |    10 ||    21
Dodge: Dodged            |    26 |    37 |    80 ||   143

Table legend: (Time is in decaauts)
 A = Elapsed time spent in this place.
 B = Non-inter-level travel time spent in this place.
 C = Inter-level travel time spent in this place.
 D = Time resting spent in this place.
 E = Time spent auto-exploring this place.
 F = Levels seen in this place.
 G = Mean time per level.
                   A        B        C        D        E       F      G
               +--------+--------+--------+--------+--------+-----+--------+
         Total |   4939 |   4882 |     57 |     43 |   3946 |   7 |  705.6 |
       Dungeon |   4939 |   4882 |     57 |     43 |   3946 |   7 |  705.6 |
               +--------+--------+--------+--------+--------+-----+--------+

Top non-repeatable levels by time:
     D:6: 977 daAuts
     D:5: 955 daAuts
     D:2: 888 daAuts
     D:3: 844 daAuts
     D:7: 597 daAuts
     D:4: 404 daAuts
     D:1: 271 daAuts
